 Dungeon Crawl Stone Soup version 0.31.0-11-ge490571c62 (webtiles) character file.

Game seed: 12306052867313894510

28 qw the Shooter (level 2, -1/16 HPs)
             Began as a Deep Elf Hunter on Feb 3, 2024.
             Slain by Jessica
             ... wielding a +2 dagger of electrocution
              (3 damage)
             ... on level 2 of the Dungeon.
             The game lasted 00:00:02 (762 turns).

qw the Shooter (Deep Elf Hunter)                     Turns: 762, Time: 00:00:02

Health: -1/16      AC:  3    Str:  8    XL:     2   Next: 96%
Magic:  4/4        EV: 12    Int: 13    God:
Gold:   101        SH:  0    Dex: 18    Spells: 1/1 levels left

rFire   . . .        a - +0 shortbow
rCold   . . .        (shield currently unavailable)
rNeg    . . .        c - +0 leather armour
rPois   .            (no helmet)
rElec   .            (no cloak)
rCorr   .            (no gloves)
SInv    .            (no boots)
Will    .....        (no amulet)
Stlth   ++           (no ring)
HPRegen 0.22/turn    (no ring)
MPRegen 0.09/turn

%: no passive effects
@: no status effects
A: no striking features
a: no special abilities


You were on level 2 of the Dungeon.
You visited 1 branch of the dungeon, and saw 2 of its levels.

You collected 101 gold pieces.


   Skills:
 - Level 1.5 Fighting
 + Level 6.6 Ranged Weapons
 - Level 2.4 Dodging
 - Level 1.2 Stealth


You had one spell level left.
You didn't know any spells.
Your spell library was empty.

Inventory:

Hand Weapons
 a - a +0 shortbow (weapon)
Armour
 c - a +0 leather armour (worn)
Potions
 f - a potion of heal wounds {unknown}
 g - a potion of cancellation {unknown}
 h - a potion of berserk rage {unknown}

Dungeon Overview and Level Annotations

Branches:
Dungeon (2/15)

Altars:

Annotations:
D:2 Jessica


Message History

You shoot an arrow. The arrow completely misses the kobold.
An adder comes into view.
The kobold throws a stone.
The stone hits you.
You shoot an arrow. The arrow hits the adder!
The adder is heavily wounded.
The kobold throws a stone.
The stone closely misses you.
You shoot an arrow. The arrow barely misses the adder.
You shoot an arrow. The arrow closely misses the adder.
The arrow hits the kobold.
The kobold is heavily wounded.
You shoot an arrow. The arrow hits the adder.
The adder is almost dead.
The adder bites you but does no damage.
You shoot an arrow. The arrow hits the adder.
You kill the adder!
You shoot an arrow. The arrow barely misses the kobold.
The kobold hits you with a +0 club.
You shoot an arrow. The arrow hits the kobold.
You kill the kobold!
You start resting.
HP restored.
Things that are here:
a +0 club; 5 stones; a kobold corpse
Found a stone staircase leading up.
Jessica the Apprentice Sorceress comes into view.
She is wielding a +2 dagger of electrocution.
You shoot an arrow. The arrow hits Jessica!
Jessica is severely wounded.
A goblin comes into view. It is wielding a +0 dagger.
You shoot an arrow. The arrow closely misses Jessica.
Jessica gestures wildly while chanting.
Jessica seems to speed up.
You shoot an arrow.
The arrow hits Jessica but does no damage.
Jessica is severely wounded.
Jessica points at you and mumbles some strange words.
Pain shoots through your body!
Ouch! That really hurt!
You shoot an arrow. The arrow barely misses Jessica.
Jessica hits you with a +2 dagger of electrocution.
You die...

########..).#
#...........#
#............
#..........##
####....<.......
#....)###########
#.....##..<......
#............#
#..%...#.#.@.#
#......#.#.#@#
#......#.#.#g#
#......#...#.#
#.......#####.#
#........ .#
#...#.... .# ..


You could see Jessica (fast) and a goblin.

Vanquished Creatures
  An adder (D:2)
  3 endoplasms (D:1)
  3 hobgoblins
  2 ball pythons (D:1)
  A bat (D:1)
  5 kobolds
  3 rats
18 creatures vanquished.

Notes
Turn   | Place    | Note
-------+----------+-------------------------------------------
     0 | D:1      | qw the Deep Elf Hunter began the quest for the Orb.
     0 | D:1      | Reached XP level 1. HP: 12/12 MP: 3/3
     0 | D:1      | 0 ||| qw: Version: 0.3-a-155-g5e7d8dd
     0 | D:1      | 0 ||| qw: Game counter: 3239
     0 | D:1      | 0 ||| qw: Melee chars always use a shield: true
     0 | D:1      | 0 ||| qw: God list: Okawaru
     0 | D:1      | 0 ||| qw: Allow faded altars: false
     0 | D:1      | 0 ||| qw: Do Orc after clearing Dungeon:15 true
     0 | D:1      | 0 ||| qw: Do second Lair branch before Depths: true
     0 | D:1      | 0 ||| qw: Lair rune preference: random
     0 | D:1      | 0 ||| qw: Goals: Normal
     0 | D:1      | 0 ||| PLANNING D:1-11
   120 | D:1      | Reached skill level 6 in Ranged Weapons
   120 | D:1      | Reached XP level 2. HP: 16/16 MP: 4/4
   576 | D:1      | 576 ||| READING scroll labelled ARHIUNUVAI.
   677 | D:1      | 677 ||| READING scroll labelled JEROSCHIXAO.
   678 | D:1      | 678 ||| DROPPING scroll of butterflies.
   758 | D:2      | Noticed Jessica
   761 | D:2      | HP: 2/16 [Jessica/nerve-wracking pain (14)]
   762 | D:2      | Slain by Jessica

Levels and vault maps discovered:
D:1:      lemuel_arrival_behind_the_door_small, layout_basic
D:2:      layout_basic, basic_altar, minmay_tiny_reverse_x, uniq_jessica,
          uniq_terence

Skill      XL: |  1 |
---------------+----+-----
Ranged Weapons | 6 |  6.6
Fighting       | |  1.5
Dodging        | |  2.4
Stealth        | |  1.2

Action                     || total
---------------------------++-------
   Fire: Shortbow          ||    42
    Use: Scroll            ||     2
 Armour: Leather armour    ||     7
  Dodge: Dodged            ||     5

Table legend:
 A = Non-vault XP
 B = Vault XP
 C = Vault XP percentage of total XP
 D = Non-vault monster count
 E = Vault monster count
 F = Vault count percentage of total count
                 A         B        C        D         E       F
            +---------+---------+-------+---------+---------+-------
      Total |      40 |       0 |   0.0 |      18 |       0 |   0.0
            +---------+---------+-------+---------+---------+-------
        D:1 |      21 |       0 |   0.0 |      14 |       0 |   0.0
        D:2 |      19 |       0 |   0.0 |       4 |       0 |   0.0
            +---------+---------+-------+---------+---------+-------
